MID
BOWLING GREEN HOT RODS @ QUAD CITIES RIVER BANDITS
07/31/2044
 
TOP OF THE 1ST
Bowling Green Hot Rods batting - Pitching for Quad Cities River Bandits : LHP Jimmy Edlin
Pitching: LHP Jimmy Edlin
Batting: RHB Jonathan Fraire 0-0: Ball
1-0: Called Strike
1-1: Fly out, F7 (Flyball, 7, EV 88.1 MPH)
Batting: RHB Kevin Benfield 0-0: Swinging Strike
0-1: Fly out, F7 (Flyball, 78D, EV 80.0 MPH)
Batting: LHB Mario Ocana 0-0: Ball
1-0: Ball
2-0: Ball
3-0: Called Strike
3-1: Swinging Strike
3-2: Foul Ball, location: 2F
3-2: DOUBLE (Groundball, 3L, EV 106.9 MPH)
Batting: RHB Azedine Kirui 0-0: Fly out, F7 (Flyball, 7D, EV 96.3 MPH)
Top of the 1st over - 0 runs, 1 hit, 0 errors, 1 left on base; Bowling Green 0 - Quad Cities 0
BOTTOM OF THE 1ST
Quad Cities River Bandits batting - Pitching for Bowling Green Hot Rods : RHP Greg Spaulding
Pitching: RHP Greg Spaulding
Batting: RHB Ben Hoffman 0-0: Called Strike
0-1: Called Strike
0-2: Ball
1-2: Foul Ball, location: 2F
1-2: Strikes out swinging, 2-3 out at first.
Batting: LHB Kelvin Jones 0-0: Fly out, F8 (Line Drive, 8RM, EV 85.0 MPH)
Batting: LHB Angelo Vasquez 0-0: Hit by Pitch
Batting: RHB Matt Parker 0-0: Foul Ball, location: 2F
0-1: Called Strike
0-2: Ball
1-2: Ball
2-2: Foul Ball, location: 2F
2-2: Ball
3-2: Foul Ball, location: 2F
3-2: Foul Ball, location: 2F
3-2: Foul Ball, location: 2F
3-2: Base on Balls
Angelo Vasquez to second
Batting: RHB Steve Moore 0-0: Called Strike
0-1: Ball
1-1: Ball
2-1: Foul Ball, location: 2F
2-2: Strikes out looking
Bottom of the 1st over - 0 runs, 0 hits, 0 errors, 2 left on base; Bowling Green 0 - Quad Cities 0
TOP OF THE 2ND
Bowling Green Hot Rods batting - Pitching for Quad Cities River Bandits : LHP Jimmy Edlin
Batting: LHB Isaac Bamberg 0-0: Ball
1-0: Ground out 4-3 (Groundball, 4, EV 100.0 MPH)
Batting: RHB Dermott Kennelly 0-0: Ground out 5-3 (Groundball, 5S, EV 61.9 MPH)
Batting: RHB Kevin Kush 0-0: Ground out 4-3 (Groundball, 34, EV 99.4 MPH)
Top of the 2nd over - 0 runs, 0 hits, 0 errors, 0 left on base; Bowling Green 0 - Quad Cities 0
BOTTOM OF THE 2ND
Quad Cities River Bandits batting - Pitching for Bowling Green Hot Rods : RHP Greg Spaulding
Batting: RHB Colin Cranford 0-0: Called Strike
0-1: Foul Ball, location: 2F
0-2: Ball
1-2: Strikes out looking
Batting: SHB Chris Keziah 0-0: Called Strike
0-1: Called Strike
0-2: Ball
1-2: Ball
2-2: Ball
3-2: Foul Ball, location: 2F
3-2: Strikes out looking
Batting: RHB Bobby Dunn 0-0: Foul Ball, location: 2F
0-1: Fly out, F7 (Line Drive, 7, EV 98.8 MPH)
Bottom of the 2nd over - 0 runs, 0 hits, 0 errors, 0 left on base; Bowling Green 0 - Quad Cities 0
TOP OF THE 3RD
Bowling Green Hot Rods batting - Pitching for Quad Cities River Bandits : LHP Jimmy Edlin
Batting: RHB Eric Waugaman 0-0: Called Strike
0-1: Ball
1-1: Ball
2-1: Foul Ball, location: 2F
2-2: Strikes out looking
Batting: SHB Virgil Laverick 0-0: Ball
1-0: Called Strike
1-1: Foul Ball, location: 2F
1-2: Ball
2-2: Ground out 5-3 (Groundball, 5L, EV 82.5 MPH)
Batting: RHB Jonathan Fraire 0-0: Called Strike
0-1: Called Strike
0-2: Ground out 1-3 (Groundball, 13S, EV 75.6 MPH)
Top of the 3rd over - 0 runs, 0 hits, 0 errors, 0 left on base; Bowling Green 0 - Quad Cities 0
BOTTOM OF THE 3RD
Quad Cities River Bandits batting - Pitching for Bowling Green Hot Rods : RHP Greg Spaulding
Batting: SHB Salvador Gomez 0-0: Ball
1-0: Fly out, F7 (Flyball, 7, EV 96.9 MPH)
Batting: RHB Ben Hoffman 0-0: Ball
1-0: Ground out 4-3 (Groundball, 4, EV 82.5 MPH)
Batting: LHB Kelvin Jones 0-0: Foul Ball, location: 2F
0-1: Foul Ball, location: 2F
0-2: Ball
1-2: Ball
2-2: Ball
3-2: Ground out 4-3 (Groundball, 4, EV 101.3 MPH)
Bottom of the 3rd over - 0 runs, 0 hits, 0 errors, 0 left on base; Bowling Green 0 - Quad Cities 0
TOP OF THE 4TH
Bowling Green Hot Rods batting - Pitching for Quad Cities River Bandits : LHP Jimmy Edlin
Batting: RHB Kevin Benfield 0-0: Ball
1-0: Ball
2-0: Called Strike
2-1: Ball
3-1: Foul Ball, location: 2F
3-2: Base on Balls
Batting: LHB Mario Ocana 0-0: Ball
1-0: Foul Ball, location: 2F
1-1: Ball
2-1: Grounds into double play, 4-6-3 (Groundball, 4, EV 82.5 MPH)
Batting: RHB Azedine Kirui 0-0: Ball
1-0: Called Strike
1-1: Ground out 6-3 (Groundball, 6D, EV 83.8 MPH)
Top of the 4th over - 0 runs, 0 hits, 0 errors, 0 left on base; Bowling Green 0 - Quad Cities 0
BOTTOM OF THE 4TH
Quad Cities River Bandits batting - Pitching for Bowling Green Hot Rods : RHP Greg Spaulding
Batting: LHB Angelo Vasquez 0-0: Ball
1-0: Ball
2-0: Foul Ball, location: 2F
2-1: Ball
3-1: Swinging Strike
3-2: Base on Balls
Batting: RHB Matt Parker 0-0: Foul Ball, location: 2F
0-1: Foul Ball, location: 2F
0-2: Ball
1-2: Strikes out swinging
Batting: RHB Steve Moore 0-0: Called Strike
0-1: Ball
1-1: Swinging Strike
1-2: Foul Ball, location: 2F
1-2: Strikes out looking
Batting: RHB Colin Cranford 0-0: Ground out 4-3 (Groundball, 4, EV 87.5 MPH)
Bottom of the 4th over - 0 runs, 0 hits, 0 errors, 1 left on base; Bowling Green 0 - Quad Cities 0
TOP OF THE 5TH
Bowling Green Hot Rods batting - Pitching for Quad Cities River Bandits : LHP Jimmy Edlin
Batting: LHB Isaac Bamberg 0-0: Ball
1-0: Ball
2-0: Ball
3-0: Called Strike
3-1: Called Strike
3-2: DOUBLE (Flyball, 8RXD, EV 106.9 MPH)
Batting: RHB Dermott Kennelly 0-0: Swinging Strike
0-1: Swinging Strike
0-2: Fly out, F4 (Line Drive, 4, EV 66.3 MPH)
Lined into DP, 4-6 (Line Drive, 4, EV 63.8 MPH)
Batting: RHB Kevin Kush 0-0: Foul Ball, location: 2F
0-1: Ball
1-1: Ground out U3 (Groundball, 13, EV 89.4 MPH)
Top of the 5th over - 0 runs, 1 hit, 0 errors, 0 left on base; Bowling Green 0 - Quad Cities 0
BOTTOM OF THE 5TH
Quad Cities River Bandits batting - Pitching for Bowling Green Hot Rods : RHP Greg Spaulding
Batting: SHB Chris Keziah 0-0: Ball
1-0: Swinging Strike
1-1: Ball
2-1: Ball
3-1: Swinging Strike
3-2: Ground out 5-3 (Groundball, 56S, EV 90.0 MPH)
Batting: RHB Bobby Dunn 0-0: Called Strike
0-1: Ball
1-1: Called Strike
1-2: Ball
2-2: Strikes out looking
Batting: SHB Salvador Gomez 0-0: Ball
1-0: Ball
2-0: Ground out 6-3 (Groundball, 6, EV 95.0 MPH)
Bottom of the 5th over - 0 runs, 0 hits, 0 errors, 0 left on base; Bowling Green 0 - Quad Cities 0
TOP OF THE 6TH
Bowling Green Hot Rods batting - Pitching for Quad Cities River Bandits : LHP Jimmy Edlin
Pitching: RHP Arsène Serre
Batting: RHB Eric Waugaman 0-0: Ground out 5-3 (Groundball, 56, EV 84.4 MPH)
Batting: SHB Virgil Laverick 0-0: SINGLE (Groundball, 34D, EV 109.4 MPH)
Batting: RHB Jonathan Fraire 0-0: Called Strike
Virgil Laverick steals 2nd base
0-1: Swinging Strike
0-2: Foul Ball, location: 2F
0-2: Ball
1-2: Foul Ball, location: 2F
1-2: Foul Ball, location: 2F
1-2: Ground out 4-3 (Groundball, 4, EV 102.5 MPH)
Virgil Laverick to third
Batting: RHB Kevin Benfield 0-0: Ground out 3-1 (Groundball, 34S, EV 86.9 MPH)
Top of the 6th over - 0 runs, 1 hit, 0 errors, 1 left on base; Bowling Green 0 - Quad Cities 0
BOTTOM OF THE 6TH
Quad Cities River Bandits batting - Pitching for Bowling Green Hot Rods : RHP Greg Spaulding
Batting: RHB Ben Hoffman 0-0: Swinging Strike
0-1: Foul Ball, location: 2F
0-2: Ball
1-2: Ground out 6-3 (Groundball, 6, EV 85.6 MPH)
Batting: LHB Kelvin Jones 0-0: Called Strike
0-1: Called Strike
0-2: Foul Ball, location: 2F
0-2: Ground out 5-3 (Groundball, 56S, EV 90.6 MPH)
Batting: LHB Angelo Vasquez 0-0: Ball
1-0: Called Strike
1-1: Swinging Strike
1-2: Strikes out swinging
Bottom of the 6th over - 0 runs, 0 hits, 0 errors, 0 left on base; Bowling Green 0 - Quad Cities 0
TOP OF THE 7TH
Bowling Green Hot Rods batting - Pitching for Quad Cities River Bandits : RHP Arsène Serre
Batting: LHB Mario Ocana 0-0: Ground out 6-3 (Groundball, 6S, EV 68.8 MPH)
Batting: RHB Azedine Kirui 0-0: Ball
1-0: Ball
2-0: Foul Ball, location: 2F
2-1: Swinging Strike
2-2: Ground out U3 (Groundball, 34S, EV 70.6 MPH)
Batting: LHB Isaac Bamberg 0-0: Foul Ball, location: 2F
0-1: Ball
1-1: Ball
2-1: Foul Ball, location: 2F
2-2: Strikes out swinging
Top of the 7th over - 0 runs, 0 hits, 0 errors, 0 left on base; Bowling Green 0 - Quad Cities 0
BOTTOM OF THE 7TH
Quad Cities River Bandits batting - Pitching for Bowling Green Hot Rods : RHP Greg Spaulding
Batting: RHB Matt Parker 0-0: Called Strike
0-1: Ground out 5-3 (Groundball, 5S, EV 84.4 MPH)
Batting: RHB Steve Moore 0-0: Ball
1-0: SINGLE (Groundball, 56D, EV 98.1 MPH)
Batting: RHB Colin Cranford 0-0: Called Strike
0-1: Foul Ball, location: 2F
0-2: Ball
1-2: Ball
2-2: Ball
3-2: Fielders Choice at 2nd, 4-6 (Groundball, 4, EV 101.3 MPH)
Batting: SHB Chris Keziah 0-0: Called Strike
Colin Cranford steals 2nd base (no throw)
0-1: Ball
1-1: Ball
2-1: SINGLE (Groundball, 56, EV 103.1 MPH)
Colin Cranford to third
Runner from 3rd tries for Home, SAFE, throw by LF to home
Pitching: LHP Bennett Mele
Batting: RHB Bobby Dunn 0-0: Ball
1-0: Ball
Chris Keziah is caught stealing 2nd base 2-4
Bottom of the 7th over - 1 run, 2 hits, 0 errors, 0 left on base; Bowling Green 0 - Quad Cities 1
TOP OF THE 8TH
Bowling Green Hot Rods batting - Pitching for Quad Cities River Bandits : RHP Arsène Serre
Batting: RHB Dermott Kennelly 0-0: Ball
1-0: Ground out 4-3 (Groundball, 34D, EV 96.9 MPH)
Batting: RHB Kevin Kush 0-0: Ball
1-0: Ball
2-0: Called Strike
2-1: Foul Ball, location: 2F
2-2: Foul Ball, location: 2F
2-2: SINGLE (Popup, 3D, EV 56.3 MPH)
Batting: RHB Eric Waugaman 0-0: Foul Ball, location: 2F
0-1: Ball
1-1: Foul Ball, location: 2F
Pickoff Throw to First - Error! E1
Kevin Kush to second
1-2: Strikes out looking
Batting: SHB Virgil Laverick 0-0: SINGLE (Groundball, 34D, EV 104.4 MPH)
Kevin Kush to third
Runner from 3rd tries for Home, SAFE, throw by RF to home
Batting: RHB Jonathan Fraire 0-0: Ball
1-0: Ground out U3 (Groundball, 13, EV 84.4 MPH)
Top of the 8th over - 1 run, 2 hits, 1 error, 1 left on base; Bowling Green 1 - Quad Cities 1
BOTTOM OF THE 8TH
Quad Cities River Bandits batting - Pitching for Bowling Green Hot Rods : LHP Bennett Mele
Batting: RHB Bobby Dunn 0-0: Fly out, F8 (Flyball, 89D, EV 102.5 MPH)
Batting: SHB Salvador Gomez 0-0: Ground out 5-3 (Groundball, 56S, EV 88.1 MPH)
Batting: RHB Ben Hoffman 0-0: Ball
1-0: Called Strike
1-1: DOUBLE (Line Drive, 89D, EV 103.8 MPH)
Pinch Hitting: RHB Joe Cook 0-0: Ball
1-0: Ground out U3 (Groundball, 34S, EV 86.3 MPH)
Bottom of the 8th over - 0 runs, 1 hit, 0 errors, 1 left on base; Bowling Green 1 - Quad Cities 1
TOP OF THE 9TH
Bowling Green Hot Rods batting - Pitching for Quad Cities River Bandits : RHP Arsène Serre
Pitching: RHP Chris Miles
Now in RF: Joe Cook
Batting: RHB Kevin Benfield 0-0: Called Strike
0-1: SINGLE (Line Drive, 89S, EV 103.8 MPH)
Batting: LHB Mario Ocana 0-0: Called Strike
0-1: Ball
1-1: Fly out, F7 (Flyball, 7LM, EV 95.0 MPH)
Runner from 1st tags up, SAFE at 2nd
Batting: RHB Azedine Kirui 0-0: Hit by Pitch
Batting: LHB Isaac Bamberg 0-0: Called Strike
0-1: 3-RUN HOME RUN (Flyball, 9D, EV 95.0 MPH), Distance : 354 ft
Batting: RHB Dermott Kennelly 0-0: Ball
1-0: Foul Ball, location: 2F
1-1: Foul Ball, location: 2F
1-2: Foul Ball, location: 2F
1-2: SINGLE (Groundball, 6D, EV 100.6 MPH)
Batting: RHB Kevin Kush 0-0: Ball
Dermott Kennelly steals 2nd base
1-0: Foul Ball, location: 2F
1-1: Ball
2-1: Fly out, F9 (Line Drive, 9D, EV 95.0 MPH)
Batting: RHB Eric Waugaman 0-0: 2-RUN HOME RUN (Flyball, 7D, EV 105.0 MPH), Distance : 400 ft
Batting: SHB Virgil Laverick 0-0: Foul Ball, location: 2F
0-1: Ball
1-1: Ball
2-1: SINGLE (Flyball, 89S, EV 95.6 MPH)
Batting: RHB Jonathan Fraire 0-0: Ball
1-0: Ball
2-0: Called Strike
2-1: Ball
3-1: Called Strike
3-2: DOUBLE (Line Drive, 8RD, EV 101.3 MPH)
Virgil Laverick to third
Virgil Laverick scores
Batting: RHB Kevin Benfield 0-0: Ball
1-0: Swinging Strike
1-1: Foul Ball, location: 2F
1-2: Ball
2-2: Fly out, F9 (Line Drive, 9D, EV 110.6 MPH)
Top of the 9th over - 6 runs, 6 hits, 0 errors, 1 left on base; Bowling Green 7 - Quad Cities 1
BOTTOM OF THE 9TH
Quad Cities River Bandits batting - Pitching for Bowling Green Hot Rods : LHP Bennett Mele
Batting: LHB Angelo Vasquez 0-0: Called Strike
0-1: Ball
1-1: Foul Ball, location: 2F
1-2: Ball
2-2: Ball
3-2: Strikes out swinging
Batting: RHB Matt Parker 0-0: Swinging Strike
0-1: Ball
1-1: Foul Ball, location: 2F
1-2: Ball
2-2: DOUBLE (Line Drive, 78D, EV 101.3 MPH)
Batting: RHB Steve Moore 0-0: Fly out, F8 (Flyball, 8LD, EV 78.1 MPH)
Batting: RHB Colin Cranford 0-0: Ball
1-0: Foul Ball, location: 2F
1-1: Ball
2-1: Ball
3-1: Base on Balls
Batting: SHB Chris Keziah 0-0: Fielders Choice at 2nd, 6-4 (Groundball, 6, EV 77.5 MPH)
Bottom of the 9th over - 0 runs, 1 hit, 0 errors, 2 left on base; Bowling Green 7 - Quad Cities 1
Thursday, March 31st , 2022 - OOTP Baseball 22.12 Build 89